 Dungeon Crawl Stone Soup version 0.24.0-125-gc4c63601f3 (webtiles) character file.

Game seed: 3362423957042413638, levelgen mode: deterministic

2982 yangmina the Grappler (level 9, -4/85 HPs)
             Began as a Troll Skald on Mar 18, 2020.
             Was a Follower of the Shining One.
             Slain by an orc warrior
             ... wielding a +0 battleaxe
              (31 damage)
             ... in a bailey.
             The game lasted 00:21:27 (6130 turns).

yangmina the Grappler (Troll Skald)                 Turns: 6130, Time: 00:21:28

Health: -4/85      AC: 12    Str: 21    XL:     9   Next: 53%
Magic:  11/13      EV: 15    Int: 12    God:    the Shining One [*.....]
Gold:   291        SH:  0    Dex: 11    Spells: 7/15 levels left

rFire    . . .     SeeInvis .     - Unarmed
rCold    . . .     Gourm    +   (no shield)
rNeg     . . .     Faith    +   p - +0 robe
rPois    .         Spirit   .   (helmet restricted)
rElec    .         Reflect  .   r - +0 cloak
rCorr    .         Harm     .   (gloves unavailable)
MR       .....                  (boots unavailable)
Stlth    +.........             B - amulet of faith
HPRegen  0.64/turn              n - +3 ring of protection
MPRegen  0.13/turn              u - +5 ring of evasion

@: singing, hasted, glowing, very quick
A: large, unfitting armour, claws 3, horns 1, slimy green scales 1, agile 1,
fast metabolism 3, gourmand, regeneration 1, shaggy fur 1, tough skin 3
a: Renounce Religion


You were in a bailey.
You worshipped the Shining One.
The Shining One was aware of your devotion.
You were completely stuffed.

You visited 2 branches of the dungeon, and saw 9 of its levels.
You also visited: Bailey.

You collected 291 gold pieces.

Inventory:

Hand Weapons
 C - a +1 antimagic trident
Missiles
 d - 7 silver javelins (quivered)
Armour
 a - a +0 robe
 p - a +0 robe (worn)
 r - a +0 cloak (worn)
Magical Staves
 E - an uncursed staff of air {unknown}
Jewellery
 e - a -3 ring of strength
 f - an uncursed ring of resist corrosion
 n - a +3 ring of protection (left claw)
 u - a +5 ring of evasion (right claw)
 B - an amulet of faith (around neck)
Wands
 z - a wand of digging (6)
Scrolls
 g - 2 scrolls of teleportation
 j - a scroll of enchant armour {unknown}
 k - a scroll of identify
 m - a scroll of remove curse
 o - a scroll of enchant weapon
 q - a scroll of fear
 t - a scroll of immolation {unknown}
 w - a scroll of blinking {unknown}
 y - a scroll of fog
 D - a scroll of magic mapping
Potions
 b - a potion of mutation
 i - a potion of heal wounds
 l - 2 potions of resistance
 s - 2 potions of cancellation
 v - 4 potions of curing
 A - a potion of lignification
Comestibles
 c - 14 rations


   Skills:
 * Level 4.3 Fighting
 * Level 2.0 Armour
 - Level 1.9 Dodging
 + Level 9.1 Unarmed Combat
 * Level 3.6 Spellcasting
 * Level 3.7 Charms
 - Level 2.6 Necromancy
 * Level 0.9 Translocations


You had 7 spell levels left.
You knew the following spells:

 Your Spells              Type           Power        Failure   Level  Hunger
a - Infusion              Chrm           ##..         4%          1    #......
b - Song of Slaying       Chrm           ##......     8%          2    ##.....
c - Regeneration          Chrm/Necr      #.........   19%         3    ###....
d - Shroud of Golubria    Chrm/Tloc      #.....       13%         2    ##.....

Your spell library contained the following spells:

 Spells                   Type           Power        Failure   Level  Hunger
 Magic Dart               Conj           #...         24%         1    #......
 Spectral Weapon          Hex/Chrm       #.......     32%         3    ###....
 Searing Ray              Conj           #.....       34%         2    ##.....
 Dazzling Spray           Conj/Hex       #.....       56%         3    ###....
 Force Lance              Conj/Tloc      #.......     88%         4    #####..
 Fulminant Prism          Conj/Hex       #.........   93%         4    #####..
 Iskenderun's Mystic Bla  Conj           #.......     93%         4    #####..


Dungeon Overview and Level Annotations

Branches:
Dungeon (8/15)             Temple (1/1) D:4          Bailey (1/1)
   Lair: D:8-11

Altars:
Ashenzari
Cheibriados
Dithmenos
Elyvilon
Fedhas
Gozag
Hepliaklqana
Kikubaaqudgha
Makhleb
Nemelex Xobeh
Okawaru
Qazlal
Ru
Sif Muna
Trog
Uskayaw
Vehumet
Wu Jian
Xom
Yredelemnul
Zin
The Shining One

Shops:
D:5 }   D:8 }

Annotations:
D:3 exclusion: 2 downstairs
D:4 Sigmund


Innate Abilities, Weirdness & Mutations

You are too large for most types of armour.
You have claws for hands.
Your metabolism is lightning-fast.
You like to eat raw meat.
Your natural rate of healing is unusually fast.
You are covered in fur. (AC +1)
You have extremely tough skin. (AC +3)
You have a pair of small horns on your head.
You are partially covered in slimy green scales. (AC +2)
You are agile. (Dex +2)


Message History

* * * LOW HITPOINT WARNING * * *
Unknown command.
You mangle the orc knight!! Your headbutt misses the orc knight.
The orc knight is severely wounded.
The orc knight barely misses you.
Unknown command.
You mangle the orc knight!!
You kill the orc knight!
Your Armour skill increases to level 2!
Your Unarmed Combat skill increases to level 9!
The orc warrior misses you.
Unknown command.
You claw the orc warrior! Your headbutt misses the orc warrior.
The orc warrior is heavily wounded.
You scratch the orc warrior.
The orc warrior is severely wounded.
You barely miss the orc warrior.
The orc warrior is severely wounded.
The orc warrior hits you with a +0 battleaxe!!
You die...

#.KKK≈.≈K...#
#'###≈g≈###'#
#..KK≈o≈KK..#
#'###≈g≈###'#
#...K≈g≈KK..#
#'###≈o≈###'#
#∩..K≈g≈...∩#
######o######
##)@.##
#8...8#
##.∩.## ##8##
###


You could see 3 orc warriors, a hobgoblin, 3 goblins and 4 kobolds.

Vanquished Creatures
  An orc knight (Bailey)
  A water moccasin (D:7)
  2 orc warriors
  A black bear (D:7)
  2 ice beasts (D:6)
  2 sky beasts (D:5)
  6 ogres
  A centaur (D:7)
  Blork the orc (D:5)
  2 scorpions (D:3)
  2 crimson imps
  A bullfrog skeleton (D:2)
  A bullfrog zombie (D:6)
  A centaur skeleton (D:6)
  A hound (D:4)
  A quasit (D:7)
  3 orc priests
  3 jellies
  5 orc wizards
  Crazy Yiuf (D:4)
  An iguana (D:8)
  3 worker ants (D:4)
  A hound skeleton (D:4)
  A hound zombie (D:3)
  6 gnolls (D:5)
  14 adders
  2 shadow imps
  An adder zombie (D:7)
  An adder skeleton (D:4)
  5 worms
  A dart slug (D:2)
  4 leopard geckos
  21 orcs
  5 giant cockroaches
  8 hobgoblins
  12 jackals
  8 kobolds
  2 quokkas
  2 ball pythons
  13 bats
  8 frilled lizards
  4 goblins
  A leopard gecko skeleton (D:7)
  9 rats
171 creatures vanquished.

Notes
Turn   | Place    | Note
-------+----------+-------------------------------------------
     0 | D:1      | yangmina the Troll Skald began the quest for the Orb.
     0 | D:1      | Reached XP level 1. HP: 19/19 MP: 1/1
   243 | D:1      | Reached XP level 2. HP: 28/28 MP: 2/2
   247 | D:1      | Learned a level 2 spell: Song of Slaying
   818 | D:2      | Reached XP level 3. HP: 34/35 MP: 4/4
   964 | D:2      | Reached skill level 3 in Unarmed Combat
   964 | D:2      | Reached XP level 4. HP: 32/42 MP: 5/5
  1562 | D:3      | Reached skill level 4 in Unarmed Combat
  1562 | D:3      | Reached XP level 5. HP: 26/49 MP: 6/6
  1888 | D:3      | Reached XP level 6. HP: 46/57 MP: 6/8
  2292 | D:3      | Reached skill level 5 in Unarmed Combat
  2339 | D:3      | Learned a level 3 spell: Regeneration
  2502 | D:4      | Noticed Sigmund
  2861 | D:4      | Found a runed translucent door.
  2862 | D:4      | Noticed Crazy Yiuf
  3092 | D:4      | Found a staircase to the Ecumenical Temple.
  3104 | Temple   | Entered the Ecumenical Temple
  3262 | Temple   | Became a worshipper of the Shining One
  3299 | D:4      | Reached XP level 7. HP: 63/66 MP: 7/9
  3364 | D:4      | Reached skill level 1 in Necromancy
  3494 | D:4      | Reached skill level 6 in Unarmed Combat
  3880 | D:4      | Killed Crazy Yiuf
  3988 | D:5      | Entered Level 5 of the Dungeon
  4170 | D:5      | Found Lylo's Gadget Boutique.
  4319 | D:5      | Noticed Blork the orc
  4326 | D:5      | Killed Blork the orc
  4406 | D:5      | Reached XP level 8. HP: 68/75 MP: 6/11
  4436 | D:5      | Reached skill level 7 in Unarmed Combat
  4853 | D:6      | Reached * piety under the Shining One
  5393 | D:7      | Reached skill level 8 in Unarmed Combat
  5506 | D:7      | Reached skill level 1 in Armour
  5506 | D:7      | Reached XP level 9. HP: 64/84 MP: 6/12
  5697 | D:7      | Found an opulent altar of Gozag.
  5709 | D:7      | Found a basalt altar of Yredelemnul.
  5737 | D:7      | You fall into a shaft and drop 1 floor!
  5743 | D:8      | Gained mutation: Your body sometimes deteriorates upon
                  | taking damage. [potion of mutation]
  5743 | D:8      | Gained mutation: You tend to lose your temper in combat.
                  | [potion of mutation]
  5743 | D:8      | Gained mutation: You have a pair of small horns on your
                  | head. [potion of mutation]
  5743 | D:8      | Gained mutation: You are partially covered in slimy green
                  | scales. (AC +2) [potion of mutation]
  5744 | D:8      | Lost mutation: You tend to lose your temper in combat.
                  | [potion of mutation]
  5744 | D:8      | Lost mutation: You have a pair of small horns on your head.
                  | [potion of mutation]
  5744 | D:8      | Lost mutation: Your body sometimes deteriorates upon taking
                  | damage. [potion of mutation]
  5744 | D:8      | Gained mutation: You are agile. (Dex +2) [potion of
                  | mutation]
  5744 | D:8      | Gained mutation: You have a pair of small horns on your
                  | head. [potion of mutation]
  5775 | D:8      | Found Juip's Gadget Shop.
  5807 | D:8      | Found a sparkling altar of Nemelex Xobeh.
  5818 | D:8      | Learned a level 2 spell: Shroud of Golubria
  5896 | D:8      | Found a flagged portal.
  5902 | Bailey   | Entered a bailey
  6051 | Bailey   | Noticed an orc knight
  6127 | Bailey   | Killed an orc knight
  6127 | Bailey   | Reached skill level 9 in Unarmed Combat
  6130 | Bailey   | Slain by an orc warrior

Levels and vault maps discovered:
D:1:      minmay_arrival_glassed_features, layout_basic
D:2:      layout_basic
D:3:      layout_basic, first_ration, bh_walls_and_bars
D:4:      layout_cave_pods, minmay_temple_entry_gardened_gates, uniq_sigmund,
          uniq_crazy_yiuf_cottage
D:5:      layout_loops_ring, serial_shops, shop, uniq_blork_the_orc
D:6:      layout_gridville
D:7:      layout_rooms, amethyst_overflow_temple_binary, uniq_pikel
D:8:      layout_basic, enter_bailey_2, serial_shops, shop, basic_altar
Temple:   regret_index_temple_chain_breaker
Bailey:   bailey_axe_1, bailey

Skill      XL: |  1  2  3  4  5  6  7  8  9 |
---------------+----------------------------+-----
Unarmed Combat | 3 4 5 6 8 9 |  9.1
Fighting       | 2 3 4 |  4.3
Spellcasting   | 2 3 |  3.6
Necromancy     | 1 2 |  2.6
Charms         | 3 |  3.7
Armour         | 1 2 |  2.0
Dodging        | |  1.9
Translocations | |  0.9

Action                   |  1- 3 |  4- 6 |  7- 9 || total
-------------------------+-------+-------+-------++-------
Melee: Unarmed           |    82 |   238 |   240 ||   560
       Punch             |     1 |     3 |     6 ||    10
       Headbutt          |       |       |     4 ||     4
 Cast: Infusion          |     1 |     2 |    12 ||    15
       Song of Slaying   |       |     4 |     7 ||    11
       Shroud of Golubri |       |       |     1 ||     1
  Use: Scroll            |       |       |    13 ||    13
       Potion            |       |       |     4 ||     4
 Stab: Sleeping          |       |     2 |       ||     2
  Eat: Chunk             |    14 |    20 |    29 ||    63
Armor: Robe              |    32 |   143 |   128 ||   303
Dodge: Dodged            |    42 |   165 |   356 ||   563
